 Dungeon Crawl Stone Soup version 0.32-a0-938-g40ac7a0f4d (webtiles) character file.

Game seed: 13430706046640579607

10591 snarfax the Spear-Bearer (level 11, -7/133 HPs)
             Began as a Coglin Berserker on Apr 12, 2024.
             Was a High Priest of Trog.
             Mangled by a large slime creature (9 damage)
             ... on level 9 of the Dungeon on Apr 15, 2024.
             The game lasted 00:28:12 (10627 turns).

snarfax the Spear-Bearer (Coglin Berserker)        Turns: 10627, Time: 00:28:12

Health: -7/133     AC: 18    Str: 21    XL:     11   Next: 64%
Magic:  11/11      EV:  7    Int:  7    God:    Trog [*****.]
Gold:   297        SH:  0    Dex: 14    Spells: 10/10 levels left

rFire   . . .        p - +5 spear (venom) {Vikramjeet}
rCold   . . .        n - +1 demon trident (flame) {Deepnoor}
rNeg    . . .        C - +2 plate armour
rPois   .            (no helmet)
rElec   .            s - +0 cloak
rCorr   .            t - +0 pair of gloves
SInv    .            (no boots)
Will    .....        (amulet unavailable) Stlth
                     (ring unavailable)
HPRegen 0.42/turn    (ring unavailable)
MPRegen 0.12/turn    (no gizmo)

%: no passive effects
@: berserking, studying Long Blades, revving, very quick
A: off-hand wielding, slow wielding, warmup strikes, no jewellery
a: Invent Gizmo, Renounce Religion, Berserk, Trog's Hand, Brothers in Arms


You were on level 9 of the Dungeon.
You worshipped Trog.
Trog was extremely pleased with you.
You visited 1 branch of the dungeon, and saw 10 of its levels.
You also visited: Sewer.

You collected 465 gold pieces.
You spent 168 gold pieces at shops.

Inventory:

Hand Weapons
 n - a +1 demon trident of flaming (offhand) {Deepnoor}
 p - a +5 spear of venom (weapon) {Vikramjeet}
Missiles
 g - 9 boomerangs
 u - 28 poisoned darts (quivered)
 w - 3 curare-tipped darts
 y - a dart of dispersal
 z - a throwing net
Armour
 f - a +0 chain mail
 s - a +0 cloak (worn)
 t - a +0 pair of gloves (worn)
 C - a +2 plate armour (worn)
Wands
 q - a wand of flame (31)
 A - a wand of paralysis (25)
Scrolls
 b - 3 scrolls of revelation
 e - 4 scrolls of fear
 h - 2 scrolls of fog
 i - 5 scrolls of teleportation
 j - 2 scrolls of immolation
Potions
 a - a potion of ambrosia {unknown}
 d - 2 potions of mutation
 k - 3 potions of attraction
 l - 4 potions of heal wounds
 m - a potion of might
 o - 2 potions of magic
 r - a potion of lignification {unknown}
 v - 3 potions of enlightenment
 x - 3 potions of curing
 D - a potion of haste {unknown}


   Skills:
 + Level 9.1 Fighting
 * Level 11.4 Polearms
 + Level 8.0 Armour
 - Level 6.0 Dodging


You had 10 spell levels left.
You didn't know any spells.
Your spell library was empty.

Dungeon Overview and Level Annotations

Branches:
Dungeon (10/15)            Temple (0/1) D:5           Sewer (visited)
   Lair: D:8-11         Orc: D:9-12

Altars:
Ashenzari
Elyvilon
Fedhas
Nemelex Xobeh
Ru
Trog
Uskayaw
Wu Jian
Xom
Yredelemnul

Shops:
D:4 (   D:5 !

Annotations:
D:7 Jeremiah
D:9 3 runed translucent doors, LadyBoffin's ghost, novice TeCj


Innate Abilities, Weirdness & Mutations

You can wield a second weapon in your off-hand.
It takes a long time for you to wield or remove held weapons.
Your first few attacks do less damage.
You cannot equip rings or amulets.


Message History

You hit the titanic slime creature with your +5 spear of venom.
The titanic slime creature is lightly wounded.
You impale the titanic slime creature with your +1 demon trident of flaming!!
You burn the titanic slime creature!
Reach: p) +5 spear (venom) {Vikramjeet}
Press: ? - help, Dir - move target, f/p - titanic slime creature
Aim: a titanic slime creature (lightly wounded, very poisoned, about 13% to evade your +5 spear of venom)
You reach to attack!
You puncture the titanic slime creature with your +5 spear of venom!
The titanic slime creature is lightly wounded.
You hit the titanic slime creature with your +1 demon trident of flaming.
You burn the titanic slime creature.
The titanic slime creature attacks as it pursues you!
The titanic slime creature barely misses you.
The titanic slime creature attacks as it pursues you!
The titanic slime creature hits you!!
A red film seems to cover your vision as you go berserk!
You feel yourself moving faster!
You feel mighty! The titanic slime creature hits you!!
You puncture the titanic slime creature with your +1 demon trident of flaming!
You burn the titanic slime creature.
The titanic slime creature is moderately wounded.
You puncture the titanic slime creature with your +5 spear of venom!
You impale the titanic slime creature with your +1 demon trident of flaming!!
You burn the titanic slime creature!
The titanic slime creature is moderately wounded.
You puncture the titanic slime creature with your +5 spear of venom!
A titanic slime creature splits.
You barely miss the very large slime creature with your +5 spear of venom.
The very large slime creature is moderately wounded.
You hit the very large slime creature with your +1 demon trident of flaming.
You burn the very large slime creature.
You impale the very large slime creature with your +1 demon trident of flaming!!
You burn the very large slime creature.
The very large slime creature is heavily wounded.
You puncture the very large slime creature with your +5 spear of venom!
The very large slime creature hits you!!!
* * * LOW HITPOINT WARNING * * *
The large slime creature hits you!
You die...

####.##.................#
#.......#.#...########
#########.##### #.# #.#
##########.###########
#.......##.##........#
#.#####.##.##.######.#
#.#####.##@##.#### #.#
#######.#........J.....###.###
..........###.##J##.##.......#
.##.###.......#.T.#.######.#.#
.............#.............#.#
####'#######.##...##########.#
#.# #.###.## #.# ####.#####
#.# #.# #†# ...'.'...# #.# #.#
#.###


You could see a very large slime creature (poisoned), a large slime creature
(poisoned) and a troll.

Vanquished Creatures
  Erica (D:8)
  Urug (D:10)
  Pikel (D:5)
  Maurice (D:7)
  A kobold demonologist (D:7)
  Grinder (D:3)
  2 wyverns
  A wraith (D:9)
  Eustachio (D:4)
  17 yaks
  3 humans (D:8)
  A steam dragon (D:6)
  Edmund (D:4)
  An acid dragon (D:7)
  3 orc warriors
  3 black bears
  An ice beast (D:6)
  2 ogres
  4 centaurs
  2 lemures (D:5)
  A phantom (D:6)
  3 kobold brigands
  2 brain worms (Sewer)
  3 scorpions
  3 bullfrogs
  A water moccasin zombie (D:5)
  14 wights
  12 killer bees (D:9)
  2 howler monkeys
  2 bombardier beetles
  A centaur zombie (D:5)
  A hound (D:4)
  2 bullfrog zombies (D:5)
  2 jellies
  2 gnoll boudas
  5 orc priests
  A sleepcap (D:5)
  Ijyb (D:5)
  4 iguanas
  5 orc wizards
  A scorpion zombie (D:5)
  A hound zombie (D:5)
  Robin (D:2)
  10 gnolls
  3 river rats (Sewer)
  5 adders
  2 ufetubi (D:5)
  2 dart slugs
  A ribbon worm (D:2)
  28 orcs
  3 endoplasms
  6 giant cockroaches
  14 goblins
  11 hobgoblins
  6 quokkas
  3 training dummies (D:4)
  10 ball pythons
  9 bats
  14 frilled lizards
  24 kobolds
  10 rats
279 creatures vanquished.

Vanquished Creatures (others)
  An orc (D:6)
1 creature vanquished.

Grand Total: 280 creatures vanquished

Notes
Turn   | Place    | Note
-------+----------+-------------------------------------------
     0 | D:1      | snarfax the Coglin Berserker began the quest for the Orb.
     0 | D:1      | Reached XP level 1. HP: 18/18 MP: 1/1
   120 | D:1      | Reached XP level 2. HP: 23/24 MP: 2/2
   122 | D:1      | Reached skill level 3 in Polearms
   142 | D:1      | Found a faded altar of an unknown god.
   881 | D:2      | Reached XP level 3. HP: 25/29 MP: 3/3
  1263 | D:2      | Noticed Robin
  1274 | D:2      | Reached ** piety under Trog
  1278 | D:2      | Killed Robin
  1492 | D:2      | Reached XP level 4. HP: 35/35 MP: 4/4
  1775 | D:3      | Found a white marble altar of Elyvilon.
  1939 | D:3      | Reached XP level 5. HP: 36/41 MP: 5/5
  1999 | D:3      | Reached *** piety under Trog
  2068 | D:3      | Reached skill level 4 in Polearms
  2136 | D:3      | Found a glowing drain.
  2155 | Sewer    | Entered a sewer
  2213 | Sewer    | Reached XP level 6. HP: 48/48 MP: 6/6
  2631 | D:3      | Found a sacrificial altar of Ru.
  2840 | D:3      | Found a shimmering altar of Xom.
  2957 | D:4      | Reached XP level 7. HP: 40/54 MP: 7/7
  2964 | D:4      | Reached skill level 5 in Polearms
  3236 | D:4      | Noticed Grinder
  3272 | D:4      | Paralysed by Grinder for 3 turns
  3287 | D:3      | Killed Grinder
  3290 | D:3      | Reached **** piety under Trog
  3602 | D:4      | Noticed Eustachio
  3619 | D:4      | Killed Eustachio
  3620 | D:4      | Reached XP level 8. HP: 61/61 MP: 8/8
  3810 | D:4      | Reached skill level 5 in Fighting
  3958 | D:4      | Reached skill level 6 in Polearms
  4031 | D:4      | Found a sparkling altar of Nemelex Xobeh.
  4031 | D:4      | Noticed Edmund
  4046 | D:4      | Killed Edmund
  4149 | D:4      | Found Umeib's Firing Range.
  4835 | D:5      | Entered Level 5 of the Dungeon
  4853 | D:5      | Noticed Ijyb
  4859 | D:5      | Paralysed by Ijyb for 5 turns
  4888 | D:5      | Killed Ijyb
  4916 | D:5      | Found a staircase to the Ecumenical Temple.
  5300 | D:5      | Found a hide-covered altar of Uskayaw.
  5463 | D:5      | Noticed Pikel
  5470 | D:5      | Killed Pikel
  5471 | D:5      | Reached skill level 7 in Polearms
  5471 | D:5      | Reached skill level 5 in Armour
  5471 | D:5      | Reached skill level 5 in Dodging
  5471 | D:5      | Reached XP level 9. HP: 69/69 MP: 9/9
  5471 | D:5      | Found Beopt's Distillery.
  5491 | D:5      | Upgraded the game from 0.32-a0-928-g1cae6b7ea0 to
                  | 0.32-a0-938-g40ac7a0f4d
  5559 | D:5      | Bought a potion of might for 56 gold pieces
  5559 | D:5      | Bought a potion of curing for 42 gold pieces
  5559 | D:5      | Bought a potion of heal wounds for 70 gold pieces
  5623 | D:5      | Found a blossoming altar of Fedhas.
  5671 | D:5      | Found a basalt altar of Yredelemnul.
  6372 | D:6      | Reached skill level 8 in Polearms
  6966 | D:7      | Noticed Maurice
  6966 | D:7      | Paralysed by Maurice for 2 turns
  6969 | D:7      | Maurice stole 115 gold
  6972 | D:7      | Paralysed by Maurice for 4 turns
  6974 | D:7      | Maurice stole 7 boomerangs
  6983 | D:7      | Killed Maurice
  6984 | D:7      | Reached XP level 10. HP: 77/77 MP: 6/10
  7245 | D:7      | Found a bloodstained altar of Trog.
  7259 | D:7      | Identified the ring "Kagully" {Fly Slay+2 SInv}
  7278 | D:7      | Found a broken altar of Ashenzari.
  7280 | D:7      | Noticed a kobold demonologist
  7508 | D:7      | Killed a kobold demonologist
  7509 | D:7      | Reached skill level 9 in Polearms
  7881 | D:7      | Noticed Jeremiah
  7905 | D:7      | Identified a scroll of acquirement
  7905 | D:7      | Acquired a +1 demon trident of flaming
  7960 | D:8      | Noticed Erica
  8275 | D:8      | Killed Erica
  8630 | D:8      | Reached skill level 10 in Polearms
  8804 | D:8      | Found an ornate altar of the Wu Jian Council.
  9250 | D:9      | Found a runed translucent gate.
  9251 | D:9      | Found a runed translucent gate.
  9252 | D:9      | Found a runed translucent gate.
  9266 | D:9      | Reached XP level 11. HP: 85/86 MP: 11/11
  9268 | D:9      | Reached ***** piety under Trog
  9374 | D:9      | Noticed LadyBoffin's ghost (novice TeCj)
  9785 | D:9      | Reached skill level 11 in Polearms
 10592 | D:10     | Entered Level 10 of the Dungeon
 10592 | D:10     | Noticed Urug
 10599 | D:10     | Paralysed by Urug for 5 turns
 10602 | D:10     | Killed Urug
 10626 | D:9      | HP: 2/133 [very large slime creature (47)]
 10627 | D:9      | Mangled by a large slime creature

Illustrated notes

Levels and vault maps discovered:
D:1:      dpeg_arrival_stone_temple_mockup, layout_basic,
          hellmonk_ecumenical_altar_pennies_from_heaven, wad_floor_pattern_2
D:2:      layout_loops_cross, serial_co_window_serial, co_window_paths_b,
          co_window_paths_a, co_window_corner_a, co_window_corner_a,
          co_window_corner_a, co_window_of_opportunity_b, co_window_cross_3,
          co_window_unsneaky_path_a, glass_columns_a,
          chequers_serial_rivers_small_3, uniq_robin
D:3:      layout_basic, general_overflow_altar, nicolae_ru_the_path_less_chosen,
          mainiacjoe_overflow_boulevard, gup_sewer_entry_pipe, minmay_surrounded
D:4:      layout_layer_cave, nicolae_overflow_crystal_walls,
          nicolae_shop_firing_range, uniq_eustachio, uniq_grinder, uniq_edmund
D:5:      layout_cave_pools, fedhas_altar_decomposition,
          mainiacjoe_overflow_concentric_impassable,
          nicolae_yredelemnul_corpse_copse, minmay_temple_entry_crystal_x,
          serial_shops, shop, uniq_pikel, uniq_ijyb
D:6:      layout_basic, kennysheep_generic_room_13
D:7:      layout_loops_ring, bloody_trog, mainiacjoe_overflow_small_starburst,
          minmay_manual_mail, uniq_maurice, uniq_jeremiah
D:8:      layout_loops_ring, nzn_wu_jian_contemplation, grunt_ministairs_9,
          minmay_ruffians, uniq_erica
D:9:      layout_loops_corners, gammafunk_ghost_spectres, minmay_door_square
D:10:     layout_big_octagon, nicolae_hepliaklqana_monster_ancestors,
          david_orc_1_choice, uniq_urug

Skill      XL: |  1  2  3  4  5  6  7  8  9 10 11 |
---------------+----------------------------------+-----
Polearms       | 3 4 5 7 8 10 11 | 11.4
Dodging        | 2 3 5 6 |  6.0
Armour         | 2 3 5 7 8 |  8.0
Fighting       | 4 6 8 9 |  9.1

Action                     |  1- 3 |  4- 6 |  7- 9 | 10-12 || total
---------------------------+-------+-------+-------+-------++-------
  Melee: Spear             |    81 |   344 |   709 |   430 ||  1564
         Dagger            |    33 |       |       |       ||    33
         War axe           |    37 |     6 |       |       ||    43
         Halberd           |       |     1 |       |       ||     1
         Demon trident     |       |       |       |   257 ||   257
  Throw: Boomerang         |       |     1 |       |       ||     1
         Dart              |       |       |     7 |     7 ||    14
 Invoke: Berserk           |       |     1 |     7 |     4 ||    12
         Trog's Hand       |       |     1 |       |       ||     1
    Use: Scroll            |     5 |     1 |     6 |     8 ||    20
 Armour: Animal skin       |     5 |       |       |       ||     5
         Chain mail        |    30 |    99 |   147 |       ||   276
         Plate armour      |       |       |    73 |   197 ||   270
  Dodge: Dodged            |    24 |    61 |   122 |    97 ||   304

Table legend: (Time is in decaauts)
 A = Elapsed time spent in this place.
 B = Non-inter-level travel time spent in this place.
 C = Inter-level travel time spent in this place.
 D = Time resting spent in this place.
 E = Time spent auto-exploring this place.
 F = Levels seen in this place.
 G = Mean time per level.
                   A        B        C        D        E       F      G
               +--------+--------+--------+--------+--------+-----+--------+
         Total |  10562 |  10159 |    403 |    853 |   7164 |  11 |  960.2 |
       Dungeon |  10098 |   9695 |    403 |    853 |   6844 |  10 | 1009.8 |
         Sewer |    464 |    464 |      0 |      0 |    319 |   1 |  464.0 |
               +--------+--------+--------+--------+--------+-----+--------+

Top non-repeatable levels by time:
     D:4: 1761 daAuts
     D:9: 1445 daAuts
     D:6: 1209 daAuts
     D:7: 1182 daAuts
     D:2: 1111 daAuts
     D:5: 990 daAuts
     D:3: 864 daAuts
     D:8: 848 daAuts
     D:1: 674 daAuts
   Sewer: 464 daAuts
    D:10: 10 daAuts
